 Dungeon Crawl Stone Soup version 0.25.0-9-g26727b657a (webtiles) character file.

Game seed: 12938400875924372379

6 Descartes the Skirmisher (level 1, 0/10 HPs)
             Began as a Felid Wanderer on June 20, 2020.
             Slain by a goblin
             ... wielding a +0 club
              (2 damage)
             ... on level 1 of the Dungeon.
             The game lasted 00:01:59 (420 turns).

Descartes the Skirmisher (Felid Wanderer)            Turns: 420, Time: 00:02:00

Health: 0/10       AC:  1    Str:  9    XL:     1   Next: 75%
Magic:  3/3        EV: 15    Int: 12    God:
Gold:   0          SH:  0    Dex: 15    Spells: 1/2 levels left
                                        Lives:  0   Deaths: 0

rFire    . . .     SeeInvis +   (weapon unavailable)
rCold    . . .     Gourm    .   (shield unavailable)
rNeg     . . .     Faith    .   (armour unavailable)
rPois    .         Spirit   .   (helmet unavailable)
rElec    .         Reflect  .   (cloak unavailable)
rCorr    .         Harm     .   (gloves unavailable)
MR       .....                  (boots unavailable)
Stlth    ++........             (no amulet)
HPRegen  0.03/turn              (no ring)
MPRegen  0.08/turn              (no ring)

@: quick
A: very small, no armour, no weapons or thrown items, stealth, claws 1, fangs 3,
see invisible, carnivore, speed 1, shaggy fur 1, slow metabolism 1, sharp paws
a: no special abilities


You were on level 1 of the Dungeon.
You were not hungry.

You visited 1 branch of the dungeon, and saw 1 of its levels.

Inventory:

Potions
 a - a potion of curing
Comestibles
 c - a ration


   Skills:
 + Level 3.0 Fighting
 + Level 0.5 Dodging
 * Level 1.1 Stealth
 * Level 0.5 Unarmed Combat
 - Level 1.0 Spellcasting
   Level 1.5 Translocations
 - Level 2.6 Poison Magic
   Level 2.1 Evocations


You had one spell level left.
You knew the following spells:

 Your Spells              Type           Power        Failure   Level  Hunger
a - Sting                 Tmut/Pois      #...         17%         1    ##.....

Your spell library contained the following spells:

 Spells                   Type           Power        Failure   Level  Hunger
 Ignite Poison            Fire/Tmut/Pois #.......     54%         3    ####...


Dungeon Overview and Level Annotations

Branches:
Dungeon (1/15)

Altars:


Innate Abilities, Weirdness & Mutations

You cannot wear armour.
You are incapable of wielding weapons or throwing items.
Your paws allow you to move quietly. (Stealth)
You have sharp claws.
You have razor-sharp teeth.
You have supernaturally acute eyesight. (SInv)
You are carnivorous and can eat meat at any time.
You cover ground quickly.
You are covered in fur. (AC +1)
You have a slow metabolism.
Your sharp claws are effective at attacking unaware monsters.


Message History

The goblin hits you with a +0 club.
You barely miss the goblin. The goblin misses you.
You scratch the hobgoblin. Your bite misses the hobgoblin.
The hobgoblin is severely wounded.
A hobgoblin comes into view.
The hobgoblin barely misses you. The goblin hits you but does no damage.
You scratch the goblin. You bite the goblin, but do no damage.
The goblin is severely wounded.
You closely miss the goblin.
The goblin is severely wounded.
The goblin hits you with a +0 club.
Ouch! That really hurt!
* * * LOW HITPOINT WARNING * * *
You closely miss the goblin. Your bite misses the goblin.
The goblin is severely wounded.
The goblin barely misses you.
You completely miss the goblin.
The goblin is heavily wounded.
The goblin hits you with a +0 club.
You die...

#........... #..........
###........$ ...........#
...........# ...........#
........÷..# (........>.#
.. #########@## ..
###g##############.. #
####.lgg..##...........
≈#≈≈≈#...gK.#......).....
#≈##≈#...................
#≈#≈≈#................K..
#≈#<≈'........##..##g.#
#≈≈≈≈#.......## #..?l##
#≈##≈#.......## ##..##


You could see 2 hobgoblins, 2 goblins, a kobold and a frilled lizard.

Vanquished Creatures
  3 bats (D:1)
  A giant cockroach (D:1)
  A frilled lizard (D:1)
5 creatures vanquished.

Notes
Turn   | Place    | Note
-------+----------+-------------------------------------------
     0 | D:1      | Descartes the Felid Wanderer began the quest for the Orb.
     0 | D:1      | Descartes set off with the following items: a potion of
                  | curing, a ration; and the following spell memorised: Sting;
                  | and the following spells available to memorise: Ignite
                  | Poison
     0 | D:1      | Reached XP level 1. HP: 10/10 MP: 3/3
   370 | D:1      | Reached skill level 1 in Stealth
   420 | D:1      | Slain by a goblin

Illustrated notes

Levels and vault maps discovered:
D:1:      ncdulo_wetmaze, layout_basic, palyth_stone_intersect, grunt_decor_cap,
          minmay_tetromino_l4

Skill      XL: |  1 |
---------------+----+-----
Stealth        | 1 |  1.1
Fighting       | |  3.0
Dodging        | |  0.5
Unarmed Combat | |  0.5
Spellcasting   | |  1.0
Translocations | |  1.5
Poison Magic   | |  2.6
Evocations     | |  2.1

Action                   || total
-------------------------++-------
Melee: Unarmed           ||    47
       Bite              ||     6
Armor: Skin              ||    11
Dodge: Dodged            ||    75
